 Dungeon Crawl Stone Soup version 0.31.0-11-ge490571c62 (webtiles) character file.

Game seed: 5690736476573964906

1992 hikkokomori the Trooper (level 9, -8/67 (72) HPs)
             Began as a Formicid Wanderer on Feb 3, 2024.
             Was an Initiate of Gozag.
             Mangled by a two-headed ogre
             ... wielding a +0 giant spiked club
              (19 damage)
             ... on level 6 of the Dungeon.
             The game lasted 00:09:38 (5434 turns).

hikkokomori the Trooper (Formicid Wanderer)         Turns: 5434, Time: 00:09:38

HP:   -8/67 (72)    AC:  3    Str: 24    XL:     9   Next: 44%
MP:   12/12         EV: 16    Int:  8    God:    Gozag
Gold: 150           SH:  0    Dex: 14    Spells: 11/12 levels left

rFire   . . .        L - +0 giant spiked club
rCold   . . .        (shield currently unavailable)
rNeg    . . .        g - +0 leather armour
rPois   .            (helmet unavailable)
rElec   .            (no cloak)
rCorr   .            (no gloves)
SInv    +            (no boots)
Will    .....        p - amulet of regeneration
Stlth   ++           J - +5 ring of evasion
HPRegen 1.11/turn    (no ring)
MPRegen 0.13/turn

%: no passive effects
@: mighty, lethally poisoned (-8 -> -8), gold aura, drained
A: permanent stasis, dig shafts and tunnels, antennae 3, four strong arms
a: Dig, Shaft Self, Renounce Religion, Potion Petition, Call Merchant, Bribe
Branch


You were on level 6 of the Dungeon.
You worshipped Gozag.
Gozag was aware of your devotion.
You visited 2 branches of the dungeon, and saw 7 of its levels.

You collected 397 gold pieces.
You paid 247 gold pieces to Gozag.

Inventory:

Hand Weapons
 u - a +3 battleaxe
 z - the +6 mace "Poach" {spect, rElec rC+}
   (You found it on level 3 of the Dungeon)

   rC+:       It protects you from cold.
   rElec:     It insulates you from electricity.
 L - a +0 giant spiked club (weapon)
Missiles
 d - 11 poisoned darts
 t - 5 atropa-tipped darts
 w - 12 boomerangs (quivered)
 H - 2 throwing nets
Armour
 g - a +0 leather armour (worn)
 v - a +0 chain mail
Jewellery
 i - a ring of fire
 p - an amulet of regeneration (around neck)
 D - an amulet of faith
 J - a +5 ring of evasion (left hand)
Wands
 y - a wand of roots (7)
 C - a wand of paralysis (4)
 G - a wand of digging (2)
 N - a wand of light (12)
Scrolls
 b - a scroll of butterflies
 h - 3 scrolls of revelation {unknown}
 m - 6 scrolls of identify {unknown}
 n - a scroll of enchant armour {unknown}
 q - a scroll of acquirement {unknown}
 r - 2 scrolls of amnesia {unknown}
 x - a scroll of vulnerability {unknown}
 B - a scroll of brand weapon {unknown}
 F - 3 scrolls of teleportation {unknown}
 I - a scroll of blinking {unknown}
Potions
 c - a potion of might
 f - 2 potions of brilliance
 j - a potion of magic {unknown}
 l - 2 potions of heal wounds {unknown}
 o - a potion of mutation {unknown}
 s - a potion of berserk rage {unknown}
 A - 2 potions of haste {unknown}
 E - a potion of enlightenment {unknown}
 K - a potion of cancellation {unknown}
 M - 2 potions of curing {unknown}


   Skills:
 + Level 7.6 Fighting
 - Level 0.8(4.1) Axes
 + Level 6.5(6.6) Maces & Flails
 - Level 6.3 Throwing
 - Level 3.1 Stealth
 - Level 2.0 Unarmed Combat
 + Level 2.3 Spellcasting
 - Level 0.8 Summonings
 + Level 2.2 Evocations


You had 11 spell levels left.
You knew the following spells:

 Your Spells              Type           Power      Damage    Failure   Level
a - Summon Small Mammal   Summ           8%         N/A       28%         1

Your spell library contained the following spells:

 Spells                   Type           Power      Damage    Failure   Level
 Call Imp                 Summ           4%         N/A       38%         2
 Mercury Vapours          Alch/Air       0%         N/A       52%         2
 Sublimation of Blood     Necr           0%         N/A       52%         2
 Call Canine Familiar     Summ           2%         N/A       63%         3
 Mephitic Cloud           Conj/Alch/Air  0%         N/A       75%         3
 Summon Blazeheart Golem  Fire/Summ      1%         N/A       97%         4
 Borgnjor's Vile Clutch   Necr/Erth      0%         N/A       100%        5
 Freezing Cloud           Conj/Ice/Air   0%         6-21      100%        5
 Death Channel            Necr           0%         N/A       100%        6
 Sculpt Simulacrum        Ice/Alch       0%         N/A       100%        6
 Ozocubu's Refrigeration  Ice            0%         4d7       100%        7
 Summon Hydra             Summ           1%         N/A       100%        7
 Polar Vortex             Ice            0%         N/A       100%        9
 Animate Dead             Necr           Unusable   N/A       N/A         4

Dungeon Overview and Level Annotations

Branches:
Dungeon (6/15)             Temple (1/1) D:6

Altars:
Cheibriados
Elyvilon
Fedhas
Gozag
Hepliaklqana
Makhleb
Qazlal
Ru
Trog
Uskayaw
Vehumet
Wu Jian
Xom
Zin
The Shining One

Shops:
D:1 !   D:4 *


Innate Abilities, Weirdness & Mutations

You cannot be hasted, slowed, berserked, paralysed or teleported.
You can dig through walls and to a lower floor.
You have a pair of large antennae on your head. (SInv)
Your four strong arms can wield two-handed weapons with a shield.


Message History

The water moccasin bites you! x2
You miss the water moccasin.
The water moccasin is moderately wounded.
You feel very sick. The water moccasin misses you.
The water moccasin closely misses you.
Unknown command.
You sock the water moccasin!
The water moccasin is severely wounded.
You feel sick. The water moccasin misses you.
Unknown command.
You sock the water moccasin!
You kill the water moccasin!
You feel sick.
Your Evocations skill increases to level 2!
Unknown command.
You sock the two-headed ogre!
The two-headed ogre is lightly wounded.
You feel sick.
The centaur is distracted by your dazzling golden aura.
The two-headed ogre barely misses you.
The two-headed ogre hits you with a +0 giant club!
The centaur shouts!
L - a +0 giant spiked club (weapon)
You feel sick.
Unknown command.
Unknown command.
You feel very mighty all of a sudden.
You feel sick.
The centaur is no longer distracted by gold.
The two-headed ogre misses you.
The two-headed ogre hits you with a +0 giant club!!
* * * LOW HITPOINT WARNING * * *
Unknown command.
Unknown command.
You barely miss the two-headed ogre.
The two-headed ogre is lightly wounded.
You feel sick.
The two-headed ogre hits you with a +0 giant spiked club!!
You die...
Your body crumbles into a pile of gold.

##### ####
#...# #@O##
#...#
########c####
#...#
....o.{{{...#
#...#
.....$$#...P#
####...#
.....?.#P...#
#......## {
.......#...P#
#........ {
.......#P...#
#........
.......#...P#
#####....
.......#P...#
##....


You could see a two-headed ogre and a centaur.

Vanquished Creatures
  A shadow (D:6)
  2 water moccasins
  An ogre (D:5)
  2 centaurs (D:6)
  A bullfrog (D:6)
  4 scorpions
  3 jellies
  3 bombardier beetles
  A quasit (D:4)
  A gnoll bouda (D:5)
  4 orc priests
  6 hounds
  A sleepcap (D:5)
  5 iguanas
  3 orc wizards
  4 gnolls (D:5)
  9 adders
  A shadow imp (D:4)
  2 white imps (D:4)
  2 ufetubi
  A dart slug (D:1)
  A ribbon worm (D:2)
  26 orcs
  4 bats (D:2)
  5 endoplasms
  7 giant cockroaches
  6 goblins
  5 hobgoblins
  5 jackals
  4 kobolds
  5 quokkas
  2 ball pythons
  2 frilled lizards
  7 rats
136 creatures vanquished.

Notes
Turn   | Place    | Note
-------+----------+-------------------------------------------
     0 | D:1      | hikkokomori the Formicid Wanderer began the quest for the
                  | Orb.
     0 | D:1      | hikkokomori set off with the following items: a +0 mace, a
                  | scroll of butterflies, a potion of might, 9 poisoned darts,
                  | a +0 dagger, a potion of brilliance, a +0 leather armour.
     0 | D:1      | Reached XP level 1. HP: 16/16 MP: 1/1
    83 | D:1      | Reached XP level 2. HP: 23/23 MP: 2/2
    85 | D:1      | Learned a level 1 spell: Summon Small Mammal
   112 | D:1      | Found Firopp's Distillery.
   408 | D:1      | Reached XP level 3. HP: 28/28 MP: 3/3
  1016 | D:2      | Reached skill level 1 in Spellcasting
  1227 | D:2      | Reached skill level 3 in Fighting
  1421 | D:2      | Reached XP level 4. HP: 24/35 MP: 5/5
  1632 | D:3      | Identified the +6 mace "Poach" {spect, rElec rC+}
  2128 | D:4      | HP: 1/35 [orc/+0 falchion (2)]
  2298 | D:4      | Reached XP level 5. HP: 37/41 MP: 6/6
  2568 | D:4      | Reached skill level 4 in Fighting
  2568 | D:4      | Reached XP level 6. HP: 39/48 MP: 7/7
  2825 | D:4      | Found Jehac's General Store.
  3169 | D:5      | Entered Level 5 of the Dungeon
  3174 | D:5      | Reached XP level 7. HP: 55/55 MP: 8/8
  3307 | D:5      | Reached skill level 5 in Fighting
  3653 | D:5      | Reached XP level 8. HP: 55/63 MP: 9/9
  4050 | D:5      | Reached skill level 5 in Throwing
  4244 | D:5      | Reached skill level 6 in Fighting
  4244 | D:5      | Reached skill level 5 in Maces & Flails
  4857 | D:6      | Reached skill level 7 in Fighting
  4857 | D:6      | Reached XP level 9. HP: 72/72 MP: 10/10
  5010 | D:6      | Found a staircase to the Ecumenical Temple.
  5047 | Temple   | Entered the Ecumenical Temple
  5053 | Temple   | Became a worshipper of Gozag Ym Sagoz the Greedy
  5376 | D:6      | Reached skill level 1 in Evocations
  5417 | D:6      | Noticed a two-headed ogre
  5434 | D:6      | Mangled by a two-headed ogre

Illustrated notes

Levels and vault maps discovered:
D:1:      dpeg_arrival_round_a, layout_loops_ring, serial_shops,
          nicolae_shop_industrial_runoff
D:2:      layout_basic, minivault_14
D:3:      layout_loops_ring, grunt_decor_junction
D:4:      layout_loops_cross, serial_demonic, serial_demonic_c,
          serial_demonic_b, serial_demonic_b, serial_demonic_f, serial_shops,
          nicolae_shop_waterfront
D:5:      minmay_razor_zed, layout_basic, minmay_misc_feat_chi,
          kennysheep_generic_room_15
D:6:      minmay_klotski, layout_basic, minmay_temple_entry_large_hall,
          minmay_misc_feat_alley, corexii_leaking_fountain
Temple:   hellmonk_temple_two_chambers

Skill      XL: |  1  2  3  4  5  6  7  8  9 |
---------------+----------------------------+-----
Stealth        | 3 |  3.1
Spellcasting   | 1 2 |  2.3
Fighting       | 3 4 5 7 |  7.6
Throwing       | 3 4 6 |  6.3
Maces & Flails | 3 4 5 6 |  6.5
Evocations     | 2 |  2.2
Axes           | |  0.8
Unarmed Combat | |  2.0
Summonings     | |  0.8

Action                     |  1- 3 |  4- 6 |  7- 9 || total
---------------------------+-------+-------+-------++-------
  Melee: Mace              |    14 |    80 |   135 ||   229
         Quarterstaff      |    49 |       |       ||    49
         Punch             |     1 |       |     1 ||     2
         Battleaxe         |    32 |     1 |       ||    33
         Giant spiked club |       |       |     1 ||     1
  Throw: Dart              |     1 |       |       ||     1
         Boomerang         |     2 |       |    19 ||    21
Ability: Dig               |       |       |     2 ||     2
  Evoke: Wand              |       |       |     3 ||     3
    Use: Potion            |       |       |     1 ||     1
   Stab: Sleeping          |     3 |       |       ||     3
         Distracted        |       |       |     5 ||     5
 Armour: Leather armour    |    31 |       |    11 ||    42
         Chain mail        |    25 |    85 |    76 ||   186
  Dodge: Dodged            |    64 |    28 |    68 ||   160
